 Dungeon Sprint DCSS version 0.31-a0-662-g684573625c (webtiles) character file.

Game seed: 1812091826319291393

680 rocky1 the Martial Artist (level 7, -1/49 HPs)
             Began as a Djinni Shapeshifter on Sept 1, 2023.
             Was an Initiate of Gozag.
             Slain by an orc warrior
             ... wielding a +0 scimitar of holy wrath
              (15 damage)
             ... in the Dungeon (Sprint IX: "|||||||||||||||||||||||||||||").
             The game lasted 00:03:05 (411 turns).

rocky1 the Martial Artist (Djinni Shapeshifter)      Turns: 411, Time: 00:03:05

Health: -1/49      AC:  9    Str: 13    XL:     7   Next: 92%
Gold:   0          EV: 13    Int: 11    God:    Gozag SH:  0 Dex: 15

rFire   + +          .
                       - Unarmed
rCold   x . .        (no shield)
rNeg    . . .        l - +1 scale mail
rPois   ∞            (helmet currently unavailable)
rElec   .            (cloak currently unavailable)
rCorr   .            (gloves currently unavailable)
SInv    .            (boots unavailable)
Will    .....        (no amulet) Stlth
                     n - +2 ring of evasion
HPRegen 0.28/turn    m - +2 ring of protection
MPRegen 0.00/turn

%: no teleportation, infuse magic (-2 HP)
@: beast-form, flying, invisible
A: beast (slay +4), flying, sickness immunity, fire resistance 2, cold
vulnerability 1, float, innate caster, HP casting, extra vitality 1
a: Begin Untransformation, Renounce Religion, Potion Petition, Call Merchant,
Bribe Branch


You were in the Dungeon.
You worshipped Gozag.
Gozag was noncommittal.
You were a hulking beast.
You visited 1 branch

Inventory:

Hand Weapons
 k - the +2 scimitar "Vaumoag" {flame, rF- Str+7}
   (You found it in the Dungeon)

   Str+7:     It affects your strength (+7).
   rF-:       It makes you vulnerable to fire.
Armour
 a - a +0 animal skin
 l - a +1 scale mail (worn)
Jewellery
 m - a +2 ring of protection (right hand)
 n - a +2 ring of evasion (left hand)
Talismans
 c - a beast talisman (active)
 d - a flux talisman
Wands
 j - a wand of light (10)
Potions
 e - a potion of curing
 g - a potion of haste


   Skills:
 + Level 2.3 Fighting
 + Level 0.9 Armour
 + Level 7.0 Dodging
 + Level 11.4 Unarmed Combat
 + Level 8.7 Shapeshifting


You knew the following spells:

 Your Spells              Type           Power      Damage    Failure   Level
a - Kiss of Death         Conj/Necr      0%         2d5       86%         1
b - Poisonous Vapours     Pois/Air       0%         N/A       95%         2
c - Scorch                Fire           0%         2d5       95%         2
Your spell library was empty.

Dungeon Overview and Level Annotations

Branches:
Dungeon (1/1)

Altars:
Cheibriados
Dithmenos
Elyvilon
Fedhas
Gozag
Hepliaklqana
Makhleb
Nemelex Xobeh
Okawaru
Qazlal
Ru
Trog
Uskayaw
Wu Jian
Xom
Yredelemnul
Zin
The Shining One
Jiyva
Lugonu


Innate Abilities, Weirdness & Mutations

You are a hulking beast.
Your limbs bulge with bestial killing power. (Slay +4)
You are flying.
You are immune to sickness and miasma.
You are immune to poison.
Your flesh is very heat resistant. (rF++)
You are vulnerable to cold. (rC-)
You float through the air rather than walking.
You learn spells naturally, not from books.
Your magical power is your life essence.
You have superior vitality. (+4 MHP)


Message History

The centaur completely misses you.
You punch the centaur!
The centaur is moderately wounded.
The centaur barely misses you. The centaur closely misses you.
You punch the centaur!
The centaur is severely wounded.
The centaur closely misses you.
The centaur kicks you but does no damage.
The orc warrior is distracted by your dazzling golden aura.
The orc warrior shouts!
You hit the centaur.
The centaur is severely wounded.
The orc warrior is no longer distracted by gold.
The centaur hits you but does no damage.
The centaur misses you. The centaur barely misses you.
The centaur closely misses you.
You punch the centaur!
You kill the centaur!
Your Dodging skill increases to level 7!
Your Unarmed Combat skill increases to level 11!
Unknown command.
The orc warrior closely misses you.
There is an open door, spattered with blood here.
Things that are here:
144 gold pieces; a +0 shortbow You hit the orc warrior.
The orc warrior is heavily wounded.
The orc warrior hits you with a +0 scimitar of holy wrath.
You hit the orc warrior.
The orc warrior is heavily wounded.
The orc warrior hits you with a +0 scimitar of holy wrath!
* * * LOW HITPOINT WARNING * * *
You hit the orc warrior.
The orc warrior is severely wounded.
The orc warrior closely misses you.
You hit the orc warrior but do no damage.
The orc warrior is severely wounded.
The orc warrior hits you with a +0 scimitar of holy wrath!
You die...
Your body crumbles into a pile of gold.

▓.▓
▓.▓
▓'▓
▓$▓
▓÷▓
▓.▓
▓.▓
▓o▓
▓h▓
▓[▓
▓)▓
▓.▓
▓.▓
▓.▓
▓'▓
▓_▓
▓_▓


You could see an orc warrior (unable to see you).

Vanquished Creatures
  A hornet (D)
  A steam dragon (D)
  An ice beast (D)
  A centaur (D)
  A scorpion (D)
  A gnoll sergeant (D)
  A hound (D)
  An orc wizard (D)
  A dart slug (D)
  An orc (D)
  A bat (D)
  A giant cockroach (D)
  A goblin (D)
  A hobgoblin (D)
14 creatures vanquished.

Vanquished Creatures (others)
  An orc wizard (D)
1 creature vanquished.

Grand Total: 15 creatures vanquished

Notes
Turn   | Place    | Note
-------+----------+-------------------------------------------
     0 | D        | rocky1 the Djinni Shapeshifter began the quest for the Orb.
     0 | D        | Reached XP level 1. HP: 17/17 MP: 0/0
    25 | D        | Reached XP level 2. HP: 10/22 MP: 0/0
    76 | D        | Noticed a scorpion
    76 | D        | Noticed an ice beast
    88 | D        | Reached skill level 5 in Unarmed Combat
    88 | D        | Reached XP level 3. HP: 10/27 MP: 0/0
    88 | D        | Learned a level 1 spell: Kiss of Death
    96 | D        | Reached skill level 5 in Shapeshifting
    96 | D        | Reached XP level 4. HP: 32/32 MP: 0/0
    98 | D        | Killed a scorpion
    99 | D        | Reached skill level 6 in Unarmed Combat
    99 | D        | Reached XP level 5. HP: 37/37 MP: 0/0
    99 | D        | Learned a level 2 spell: Poisonous Vapours
   101 | D        | Killed an ice beast
   102 | D        | Reached skill level 5 in Dodging
   102 | D        | Reached skill level 8 in Unarmed Combat
   102 | D        | Reached XP level 6. HP: 42/42 MP: 0/0
   238 | D        | Found a snail-covered altar of Cheibriados.
   238 | D        | Found a shadowy altar of Dithmenos.
   238 | D        | Found a white marble altar of Elyvilon.
   238 | D        | Found a blossoming altar of Fedhas.
   238 | D        | Found an opulent altar of Gozag.
   239 | D        | Found a hazy altar of Hepliaklqana.
   240 | D        | Found a viscous altar of Jiyva.
   242 | D        | Found a corrupted altar of Lugonu.
   243 | D        | Found a burning altar of Makhleb.
   244 | D        | Found a sparkling altar of Nemelex Xobeh.
   245 | D        | Found an iron altar of Okawaru.
   246 | D        | Became a worshipper of Gozag Ym Sagoz the Greedy
   247 | D        | Found a stormy altar of Qazlal.
   248 | D        | Found a sacrificial altar of Ru.
   250 | D        | Found a bloodstained altar of Trog.
   251 | D        | Found a hide-covered altar of Uskayaw.
   253 | D        | Found an ornate altar of the Wu Jian Council.
   254 | D        | Found a shimmering altar of Xom.
   255 | D        | Found a basalt altar of Yredelemnul.
   256 | D        | Found a glowing silver altar of Zin.
   257 | D        | Found a glowing golden altar of the Shining One.
   273 | D        | Got the +2 scimitar "Vaumoag" {flame, rF- Str+7}
   295 | D        | Noticed a steam dragon
   295 | D        | Noticed a hornet
   295 | D        | Noticed an orc warrior
   313 | D        | Killed a hornet
   314 | D        | Reached skill level 10 in Unarmed Combat
   314 | D        | Reached XP level 7. HP: 31/48 MP: 0/0
   314 | D        | Learned a level 2 spell: Scorch
   315 | D        | Killed a steam dragon
   340 | D        | HP: 2/48 [gnoll sergeant/+0 spear (4)]
   396 | D        | HP: 1/49 [orc warrior/+0 scimitar of holy wrath (15)]
   407 | D        | Reached skill level 11 in Unarmed Combat
   411 | D        | Slain by an orc warrior

Illustrated notes

Levels and vault maps discovered:
D:        linesprint [early_d, line_temple, items_1, d_10, items_2, lair_1,
          lair_end, items_3, orc_1, orc_end, items_4, d_15, swamp_1, shoals_1,
          snake_1, spider_1, d_20, vaults_1, items_5, swamp_end, shoals_end,
          snake_end, spider_end, vaults_end, d_27, items_6, zot_1, zot_end,
          crypt_end, forest_end, elf_end, slime_end, tomb_end, abyss_end,
          pan_hell_end]

Skill      XL: |  1  2  3  4  5  6  7 |
---------------+----------------------+-----
Shapeshifting  | 3 4 5 6 7 8 |  8.7
Dodging        | 3 4 5 6 7 |  7.0
Unarmed Combat | 5 6 8 10 11 | 11.4
Fighting       | 2 |  2.3
Armour         | |  0.9

Action                     |  1- 3 |  4- 6 |  7- 9 || total
---------------------------+-------+-------+-------++-------
  Melee: Unarmed           |    38 |    22 |    16 ||    76
         Punch             |     1 |     2 |       ||     3
   Cast: Scorch            |       |       |     6 ||     6
    Use: Potion            |     2 |     1 |     7 ||    10
         Scroll            |       |       |     2 ||     2
 Armour: Animal skin       |    14 |       |       ||    14
         Skin              |       |    18 |    18 ||    36
         Scale mail        |       |       |    19 ||    19
  Dodge: Dodged            |    27 |     5 |    14 ||    46

Table legend: (Time is in decaauts)
 A = Elapsed time spent in this place.
 B = Non-inter-level travel time spent in this place.
 C = Inter-level travel time spent in this place.
 D = Time resting spent in this place.
 E = Time spent auto-exploring this place.
 F = Levels seen in this place.
 G = Mean time per level.
                   A        B        C        D        E       F      G
               +--------+--------+--------+--------+--------+-----+--------+
         Total |    406 |    406 |      0 |    186 |      0 |   1 |  406.0 |
       Dungeon |    406 |    406 |      0 |    186 |      0 |   1 |  406.0 |
               +--------+--------+--------+--------+--------+-----+--------+

Top non-repeatable levels by time:
       D: 406 daAuts
